Cogmind - Beta 15 @@@ ROGUE MODE // 2025.05.16 @ 13:34:21 Player: Iry-bot Result: Destroyed by Y-54 Guardian with Gatling Laser Performance ------------- Evolutions (4) 2000 Regions Visited (5) 1000 Robots Destroyed (125) 625 Value Destroyed (4448) 4448 Prototype IDs (7) 140 Alien Tech Used (0) 0 Bonus (90) 90 TOTAL SCORE: 8303 Bonus ------- High Alert Combat Kills 90 Cogmind --------- Core Integrity 0/850 Matter 87/300 Energy 160/160 System Corruption 42% Temperature Cool (15) Movement Hovering (112) Ox1 Location -6/Factory Parts ------- > --- POWER (2) -------- Light Nuclear Core > --- PROPULSION (5) --- Gravmag System Gravmag System Gravmag System > --- UTILITY (6) ------ Improved Cooling System Large Storage Unit Advanced Sensor Array Improved Signal Interpreter > --- WEAPON (2) ------- Enhanced Autogun Katana > --- INVENTORY (15) --- Subdweller Power Source Subdweller Power Source Shock Rifle Shock Rifle Lightning Gun Remote Datajack Peak State ------------ > --- POWER ------------ Light Nuclear Core Light Nuclear Core > --- PROPULSION ------- Gravmag System Gravmag System Gravmag System Gravmag System Gravmag System > --- UTILITY ---------- Improved Cooling System Large Storage Unit Advanced Sensor Array Improved Signal Interpreter Improved Signal Interpreter > --- WEAPON ----------- Shock Rifle Enhanced Autogun > --- INVENTORY -------- Subdweller Power Source Subdweller Power Source Shock Rifle Lightning Gun Remote Datajack Katana [Rating: 50] Favorites ----------- Power Light Nuclear Core Engine Ion Engine Power Core Light Nuclear Core Propulsion Light Treads Treads Light Treads Wheel Subdweller Monowheel Hover Unit Gravmag System Utility Large Storage Unit Device Improved Sensor Array Storage Large Storage Unit Processor Improved Signal Interpreter Hackware Hacking Suite Protection Hardened Medium Armor Plating Weapon Enhanced Autogun Energy Gun Gatling Laser Energy Cannon Cooled Particle Cannon Ballistic Gun Enhanced Autogun Ballistic Cannon Light Cannon Launcher Mini Grenade Launcher Slashing Weapon Katana Piercing Weapon Spear Build | -11 -10 -10 -8 -7 -6 ------- Run | Yrd Mat Sub Mat Fac Fac Slots Evolved 8 | . . . 4 2 2 Power 1 | . . . . 1 . Propulsion 3 | . . . 2 . 1 Utility 4 | . . . 2 1 1 Weapon . | . . . . . . Parts Attached 99 | 6 13 3 32 9 36 Power 15 | 1 3 . 4 2 5 Engine 7 | 1 3 . 2 . 1 Core 8 | . . . 2 2 4 Reactor . | . . . . . . Propulsion 35 | 2 3 . 14 2 14 Treads 23 | 2 3 . 14 2 2 Leg . | . . . . . . Wheel 5 | . . . . . 5 Hover 7 | . . . . . 7 Flight . | . . . . . . Utility 24 | 1 2 2 6 3 10 Device 9 | . . 1 2 1 5 Storage 2 | 1 1 . . . . Processor 4 | . . . 1 . 3 Hackware 5 | . 1 . 1 2 1 Protection 4 | . . 1 2 . 1 Artifact . | . . . . . . Weapon 25 | 2 5 1 8 2 7 Energy Gun 2 | . . . . . 2 Energy Cannon 1 | . . . . 1 . Ballistic Gun 16 | 2 4 1 5 . 4 Ballistic Cannon 2 | . 1 . . 1 . Launcher 2 | . . . 1 . 1 Special Weapon . | . . . . . . Impact Weapon . | . . . . . . Slashing Weapon 1 | . . . 1 . . Piercing Weapon 1 | . . . 1 . . Special Melee Weapon . | . . . . . . Unidentified Prototypes 3 | . . . 1 1 1 Corrupted Parts 2 | . . . . . 2 System Corruption 20 | . . . . . 20 Parts Lost 41 | . 3 . 10 1 27 Power 8 | . 1 . 2 . 5 Propulsion 19 | . 2 . 5 . 12 Utility 6 | . . . 1 1 4 Weapon 8 | . . . 2 . 6 Highest Loss Streak 6 | . 2 . 4 1 6 To Critical Strikes . | . . . . . . Average Backups 11 | 3 10 13 12 12 9 Power 2 | . 1 2 2 3 2 Propulsion 2 | 1 5 2 2 3 . Utility 2 | . 1 4 3 2 . Weapon 3 | . 2 3 4 4 4 Tool/Special . | . . . . . . Unused Backups 27 | . 3 7 9 2 6 Power 4 | . . 1 1 . 2 Propulsion 4 | . . 4 . . . Utility 8 | . 1 1 5 1 . Weapon 10 | . 2 1 3 1 3 Tool/Special 1 | . . . . . 1 Average Slot Usage (%) 92 | . 95 99 95 95 72 Engine 5 | . 14 14 2 . . Core 5 | . . . 6 11 7 Treads 26 | . 27 28 31 30 8 Hover 1 | . . . . . 6 Device 5 | . . . 8 7 10 Storage 9 | . 14 14 9 7 5 Processor 3 | . . . 3 7 8 Hackware 6 | . 10 2 5 6 4 Protection 5 | . . 11 8 6 . Ballistic Gun 15 | . 27 15 15 10 5 Ballistic Cannon 2 | . . 12 1 3 . Peak Build Rating 50 | 6 13 13 31 39 50 Average Rating 24 | 4 9 12 26 36 36 On Entrance 16 | . 6 13 13 31 36 Naked Turns 24 | . . . . . 24 Heaviest Build 50 | 11 31 35 40 50 45 Greatest Support 105 | 40 40 40 85 85 105 Greatest Overweight (x) 4 | 1 1 . 1 . 4 Average Overweight (x) . | . . . . . . Largest Inventory Capacity 15 | 8 15 15 15 15 15 Average Capacity 14 | 7 12 15 15 15 14 Most Carried 15 | 4 15 15 15 15 15 Average Carried 12 | 3 10 14 14 14 9 Final Capacity 15 | 8 15 15 15 15 15 Final Carried 15 | 4 15 15 15 15 6 Class Distribution -------------------- 59% | Mutant 36% | Scavenger-Mutant 3% | Hacker-Mutant Dominant Class ---------------- Mutant | -10/Materials Mutant | -10/Subcaves Scavenger-Mutant | -8/Materials Mutant | -7/Factory Scavenger-Mutant | -6/Factory Resources | -11 -10 -10 -8 -7 -6 ----------- Run | Yrd Mat Sub Mat Fac Fac Matter Collected 3599 | 260 497 152 1588 444 658 Remotely . | . . . . . . Salvage Created 5179 | 65 853 138 2584 629 910 Parts 253 | 3 54 6 123 36 31 Haulers Intercepted 8 | . 2 . 5 1 . Recyclers Shooed 5 | . 2 . . 1 2 Parts Field Recycled . | . . . . . . Retrieved Matter . | . . . . . . Parts Self-Destructed 8 | . . 8 . . . Prevented . | . . . . . . Kills | -11 -10 -10 -8 -7 -6 ------- Run | Yrd Mat Sub Mat Fac Fac Combat Hostiles Destroyed 88 | . 13 4 40 12 19 Guns 61 | . 13 3 30 7 8 Cannons 15 | . . 1 7 5 2 AOE 10 | . . . 3 . 7 Classes Destroyed 16 | 2 7 1 4 1 1 Worker 2 | . 1 . . . 1 Builder 2 | . 1 . 1 . . Tunneler 1 | 1 . . . . . Hauler 8 | . 2 . 5 1 . Recycler 9 | 1 2 . 4 1 1 Operator 5 | . 2 . 3 . . Watcher 10 | . 2 . 5 2 1 Swarmer 12 | . 3 . 4 2 3 Grunt 49 | . 10 . 25 4 10 Brawler 1 | . . . . . 1 Duelist 3 | . . . 2 . 1 Sentry 9 | . . . 7 1 1 Hunter 2 | . . . 1 . 1 Programmer 7 | . . . . 5 2 Heavy 1 | . . . 1 . . Subdweller 4 | . . 4 . . . Best Kill Streak 9 | 2 5 2 9 3 5 Combat Bots Only 9 | . 3 2 9 3 5 Max Kills in Single Turn 3 | 1 1 1 3 1 3 Gunslinging 1 | . . . 1 . . Exploded 3 | . . . 3 . 3 Melee . | . . . . . . Uniques/NPCs Destroyed . | . . . . . . Combat | -11 -10 -10 -8 -7 -6 -------- Run | Yrd Mat Sub Mat Fac Fac Hostile Shots Fired 615 | . 83 36 172 93 231 Missed 179 | . 15 17 49 31 67 Hits 436 | . 68 19 123 62 164 Melee 9 | . . . 1 . 8 Projectile 427 | . 68 19 122 62 156 AOE 1 | . . . 1 . . Critical Strikes 25 | . 2 1 7 7 8 Part Disruptions 1 | . . . . . 1 Damage Taken 7355 | . 814 348 2062 851 3280 Core 1317 | . 156 30 168 105 858 Absorbed by Shields . | . . . . . . Core Remaining (%) 69 | 100 . 25 69 85 . Volleys Fired 406 | . 91 16 165 57 77 Largest 2 | . 2 2 2 2 2 Hottest 110 | . 46 55 55 65 110 Shots Fired 779 | . 181 32 326 113 127 Gun 644 | . 180 16 273 79 96 Cannon 121 | . 1 16 49 34 21 Launcher 14 | . . . 4 . 10 Special . | . . . . . . Kinetic 711 | . 181 32 322 113 63 Thermal 54 | . . . . . 54 Explosive 14 | . . . 4 . 10 Electromagnetic . | . . . . . . Robot Hit Streak 19 | . 12 8 19 9 8 Robot Miss Streak 6 | . 4 3 6 4 6 Penetration Max . | . . . . . . Secondary Targets 7 | . 1 . 4 1 1 Max Gunslinging Chain 1 | . 1 . 1 1 1 Shots Hit Robots 486 | . 109 22 209 61 85 Core Hits 245 | . 49 8 110 25 53 Critical Kills 7 | . . . 6 1 . Critical Parts Destroyed 1 | . . . . . 1 Critical Strikes 11 | . . . 8 2 1 Destroy 8 | . . . 6 1 1 Blast 3 | . . . 2 1 . Melee Attacks 39 | . . . 7 13 19 Impact . | . . . . . . Slashing 33 | . . . 1 13 19 Piercing 6 | . . . 6 . . Sneak Attacks . | . . . . . . Combat Hostiles . | . . . . . . Follow-up Attacks . | . . . . . . Damage Inflicted 9653 | 7 1150 303 3894 1304 2995 Guns 6506 | . 1150 101 2967 845 1443 Cannons 1516 | . . 202 534 459 321 Explosions 1585 | . . . 392 . 1193 Melee . | . . . . . . Ramming 46 | 7 . . 1 . 38 Kinetic 7039 | . 1150 303 3501 1304 781 Thermal 1146 | . . . . . 1146 Explosive 1257 | . . . 392 . 865 Electromagnetic 165 | . . . . . 165 Impact . | . . . . . . Slashing . | . . . . . . Piercing . | . . . . . . Highest Corruption 42 | . . . . 6 42 Average Corruption 13 | . . . . 1 32 Corruption Purged . | . . . . . . Corruption Blocked . | . . . . . . Effects 66 | . . . . 13 53 Message Errors 18 | . . . . 2 16 Matter Fused 12 | . . . . 2 10 Heat Flow Errors 10 | . . . . 4 6 Energy Discharges 4 | . . . . . 4 Data Loss (minor) 7 | . . . . 2 5 Data Loss (major) 1 | . . . . . 1 Misfires 6 | . . . . 2 4 Misdirections 2 | . . . . . 2 Weapon Failures 6 | . . . . 1 5 Overload Shots . | . . . . . . Overflow Damage 91 | . . . 26 22 43 Projectiles 24 | . . . . 22 2 Explosions 67 | . . . 26 . 41 Melee . | . . . . . . Knockbacks 12 | . . 2 3 7 . Impact . | . . . . . . Kinetic 12 | . . 2 3 7 . Secondary . | . . . . . . Self-Inflicted Damage 392 | . . . 34 . 358 Shots 10 | . . . 2 . 8 Rammed 18 | . . . 1 . 17 Targets Rammed 20 | 2 . . 1 . 17 Kicked . | . . . . . . Crushed 2 | 2 . . . . . Highest Temperature 318 | . 36 . 84 318 262 Average Temperature 46 | . 11 . 22 93 52 Received Heat Transfer 2022 | . 432 60 777 105 648 Effects 5 | . . . . 3 2 Interference 5 | . . . . 3 2 Siege Activations . | . . . . . . Martial Activations . | . . . . . . Shielding Activations . | . . . . . . Robots Disrupted 1 | . . . . . 1 Combat Hostiles 1 | . . . . . 1 Robots Corrupted . | . . . . . . Combat Hostiles . | . . . . . . Parts Fried . | . . . . . . Impact Corruptions . | . . . . . . Robots Melted 2 | . . . . . 2 Combat Hostiles 2 | . . . . . 2 Parts Melted 7 | . . . . . 7 Heat Transferred 2032 | . . . . . 2032 Parts Sabotaged . | . . . . . . Parts Stolen . | . . . . . . Parts Stripped . | . . . . . . Power Chain Reactions 1 | . . . . . 1 Alert | -11 -10 -10 -8 -7 -6 ------- Run | Yrd Mat Sub Mat Fac Fac Maximum Alert Level 2 | . . . 2 . 1 Low Security (%) 87 | 100 100 . 62 100 96 Level 1 4 | . . . 12 . 3 Level 2 7 | . . . 25 . . Level 3 . | . . . . . . Level 4 . | . . . . . . Level 5 . | . . . . . . High Security . | . . . . . . Max Security . | . . . . . . Peak Influence 610 | 10 125 . 610 163 208 Initial 135 | . . . . 135 79 Average 102 | . 32 . 211 29 122 Influence Increases 3090 | 10 496 30 1309 460 785 Destroy 0b10 Robot/C 1680 | . 260 . 800 240 380 Destroy 0b10 Robot/NC 200 | 10 50 . 105 20 15 Destroy Leader 446 | . 68 . 220 76 82 Successful Hack 86 | . 10 . 37 29 10 Select Force Hacks 90 | . 30 . 60 . . Disable Machine 315 | . 45 . 30 60 180 Destroy Structure 108 | . 18 . 27 20 43 Partial Spotted 15 | . . . . . 15 Lose Combat Pursuer 150 | . 15 30 30 15 60 Influence Decreases 2963 | 10 478 48 1011 595 821 Entered New Map 257 | . . 10 . 163 84 Time Decay 2000 | 10 457 38 603 422 470 Lost Part 396 | . 21 . 98 10 267 Lost Ally 10 | . . . 10 . . Purge Threat 300 | . . . 300 . . Squads Dispatched 30 | . 3 . 12 8 7 Investigation 11 | . 2 . 5 2 2 Extermination 6 | . . . . 4 2 Reinforcement 7 | . 1 . 3 . 3 Assault 1 | . . . 1 . . Garrison 5 | . . . 3 2 . Intercept . | . . . . . . Searches Triggered . | . . . . . . Construction Impeded 2 | . . . . . 2 Haulers Reinforced . | . . . . . . Active Scanning Responses . | . . . . . . Cargo Convoy Interrupts . | . . . . . . Stealth | -11 -10 -10 -8 -7 -6 --------- Run | Yrd Mat Sub Mat Fac Fac Distress Signals 9 | . 1 . 6 1 1 Communications Jammed . | . . . . . . Distress Signals . | . . . . . . Times Spotted 135 | . 24 6 58 19 28 Peak Tracking Total 6 | . 3 2 6 2 5 Tactical Retreats 8 | . 1 1 2 1 3 Traps | -11 -10 -10 -8 -7 -6 ------- Run | Yrd Mat Sub Mat Fac Fac Traps Triggered 9 | . 2 . 2 2 3 Indirectly . | . . . . . . Trap Hack Attempts . | . . . . . . Triggered . | . . . . . . Disarmed . | . . . . . . Reprogrammed . | . . . . . . Reused . | . . . . . . Traps Extracted . | . . . . . . Installed . | . . . . . . Triggered . | . . . . . . Machines | -11 -10 -10 -8 -7 -6 ---------- Run | Yrd Mat Sub Mat Fac Fac Machines Disabled 21 | . 3 . 2 4 12 Max in Single Turn 3 | . 2 . 1 1 3 Machines Repaired . | . . . . . . Machines Dismantled . | . . . . . . Machines Sabotaged . | . . . . . . Overloaded Fab Kills . | . . . . . . Hacking | -11 -10 -10 -8 -7 -6 --------- Run | Yrd Mat Sub Mat Fac Fac Machines Accessed 34 | . 6 . 13 9 6 Terminals 25 | . 5 . 10 6 4 Fabricators 1 | . . . . . 1 Repair Stations . | . . . . . . Recycling Units 6 | . 1 . 2 2 1 Scanalyzers 1 | . . . 1 . . Garrison Access 1 | . . . . 1 . Total Hacks 112 | . 28 . 46 25 13 Successful 65 | . 17 . 30 11 7 Failed 47 | . 11 . 16 14 6 Catastrophic 6 | . . . 2 3 1 Database Lockouts . | . . . . . . Manual 66 | . 15 . 30 17 4 Terminals 81 | . 24 . 31 18 8 Fabricators 2 | . . . . . 2 Repair Stations . | . . . . . . Recycling Units 17 | . 4 . 6 4 3 Scanalyzers 9 | . . . 9 . . Garrison Access 3 | . . . . 3 . Terminal Hacks 24 | . 10 . 10 2 2 Record 1 | . . . 1 . . Robot Analysis 2 | . 1 . 1 . . Prototype ID Bank 3 | . 3 . . . . Open DSF 1 | . . . . . 1 Branch Access Points 1 | . . . 1 . . Terminal Index 4 | . 1 . 1 1 1 Alert Level 2 | . . . 2 . . Unreport Threat 2 | . . . 2 . . Locate Traps 3 | . 2 . . 1 . Recall Investigation 1 | . . . 1 . . Recall Reinforcements 1 | . 1 . . . . Hauler Manifests 1 | . 1 . . . . Registered Components 1 | . . . 1 . . Registered Prototypes 1 | . 1 . . . . Fabricator Hacks 2 | . . . . . 2 Load Schematic 1 | . . . . . 1 Build 1 | . . . . . 1 Repair Station Hacks . | . . . . . . Recycling Unit Hacks 7 | . 1 . 2 2 2 Process 2 | . . . . 1 1 Retrieve Matter 2 | . . . . 1 1 Retrieve Components 3 | . 1 . 2 . . Scanalyzer 9 | . . . 9 . . Insert Component 4 | . . . 4 . . Analyze 5 | . . . 5 . . Garrison Access Hacks . | . . . . . . Unauthorized Hacks 23 | . 6 . 9 7 1 Terminals 19 | . 5 . 7 6 1 Track 1 | . . . . 1 . Assimilate 2 | . . . 2 . . Botnet 13 | . 4 . 4 4 1 Operators 3 | . 1 . 1 1 . Fabricators . | . . . . . . Repair Stations . | . . . . . . Recycling Units 4 | . 1 . 2 1 . Recyclers 1 | . . . . 1 . Tunnel 3 | . 1 . 2 . . Scanalyzers . | . . . . . . Garrison Access . | . . . . . . Data Cores Recovered 1 | . . . 1 . . Used 1 | . . . 1 . . Hacking Detections 32 | . 6 . 11 9 6 Full Trace Events 5 | . 1 . 1 1 2 Feedback Events . | . . . . . . Feedback Blocked . | . . . . . . Robot Schematics Acquired . | . . . . . . Robots Built . | . . . . . . Authchips . | . . . . . . Time . | . . . . . . Total Robot Build Rating . | . . . . . . Part Schematics Acquired 4 | . . . 4 . . Parts Built 2 | . . . . . 2 Authchips . | . . . . . . Time 31 | . . . . . 31 Total Part Build Rating 4 | . . . . . 4 Parts Repaired . | . . . . . . Time . | . . . . . . Parts Recycled . | . . . . . . Recycled Matter 46 | . . . . 41 5 Retrieved Matter 46 | . . . . 41 5 Retrieved Components 23 | . 10 . 13 . . Parts Scanalyzed 4 | . . . 4 . . Part Schematics Acquired 4 | . . . 4 . . Parts Damaged . | . . . . . . Bothacking | -11 -10 -10 -8 -7 -6 ------------ Run | Yrd Mat Sub Mat Fac Fac Used RIF Installer . | . . . . . . Robots Hacked . | . . . . . . Non-combat . | . . . . . . Combat . | . . . . . . Robot Hacks Applied . | . . . . . . Relay Couplers Released . | . . . . . . Fabnet Peak Effective % . | . . . . . . Robots Rewired . | . . . . . . Allies Hacked . | . . . . . . Hacks Repelled . | . . . . . . Allies | -11 -10 -10 -8 -7 -6 -------- Run | Yrd Mat Sub Mat Fac Fac Total Allies 1 | . . . 1 . . Largest Group 1 | . . . 1 . . Highest-Rated Group 10 | . . . 10 . . Highest-Rated Ally 10 | . . . 10 . . Total Orders . | . . . . . . Ally Attacks . | . . . . . . Total Damage . | . . . . . . Kills . | . . . . . . Allies Corrupted . | . . . . . . Allies Melted . | . . . . . . Intel | -11 -10 -10 -8 -7 -6 ------- Run | Yrd Mat Sub Mat Fac Fac Active Infowar (turns) 5059 | . . . 2257 1836 966 Sensors 5059 | . . . 2257 1836 966 Robot Analysis Total 2 | . 1 . 1 . . Derelict Logs Recovered 1 | . . 1 . . . Drone Launches . | . . . . . . Drone Recoveries . | . . . . . . Exploration | -11 -10 -10 -8 -7 -6 ------------- Run | Yrd Mat Sub Mat Fac Fac Turns Passed 7999 | 94 1800 827 2260 1836 1182 Spaces Moved 4135 | 53 877 475 1042 952 736 Core 70 | 6 . . . . 64 Treads 3581 | 47 877 475 1042 952 188 Legs . | . . . . . . Wheels 157 | . . . . . 157 Hover 327 | . . . . . 327 Flight . | . . . . . . Fastest Speed 44 | 50 160 160 155 156 44 Average Speed 148 | 149 160 160 161 156 97 Slowest Speed 300 | 160 240 160 240 156 300 Overloaded Moves . | . . . . . . Propulsion Burnouts . | . . . . . . Robots Hopped . | . . . . . . Potential Cave-ins 19 | . . . . 7 12 Cave-ins Triggered 1 | . . . . . 1 Exploration Rate (%) 41 | 4 83 26 92 28 13 Regions Visited 5 Branch Regions 1 Pre-discovered Areas 3 | . 1 . 2 . . Known Exits Taken 2 | . . . 1 1 . Unknown Exits Taken 3 | 1 1 1 . . . Scrap Searched 1 | . . 1 . . . Spaces Dug 38 | . . . 6 13 19 Terrain Destroyed 125 | . 16 . 20 25 64 Melee 38 | . . . 6 13 19 Projectile 19 | . . . . 12 7 AOE 68 | . 16 . 14 . 38 Terrain Rammed . | . . . . . . Walls Destroyed . | . . . . . . Machines Disabled . | . . . . . . Actions | -11 -10 -10 -8 -7 -6 --------- Run | Yrd Mat Sub Mat Fac Fac Total 5308 | 64 1111 518 1376 1203 1036 Wait 440 | . 99 . 73 154 114 Move 4130 | 52 876 474 1041 951 736 Hop . | . . . . . . Pick Up 71 | 4 20 10 21 3 13 Fast Attach 59 | 6 3 3 13 6 28 Attach 29 | . 5 1 8 1 14 Detach 3 | . . 1 . . 2 Swap 36 | . 6 . 18 8 4 Drop 73 | . 11 13 27 10 12 Fire 406 | . 91 16 165 57 77 Melee 39 | . . . 7 13 19 Ram 17 | . . . . . 17 Kick . | . . . . . . Crush 3 | 2 . . 1 . . Escape Stasis . | . . . . . . Rewire 2 | . . . 2 . . Trap . | . . . . . . Miscellaneous . | . . . . . . Route ------- -11/Scrapyard -10/Materials (discovered 6 exits: [*Mat x3] / [*Min x2] / [*Sub]) -10/Subcaves (discovered 2 exits: *Mat / [*Rec]) -8/Materials (discovered 3 exits: *Fac x3) -7/Factory -6/Factory History --------- Turn | Location | Event 7 | -11/Scrapyard | Discovered new exit (range 15) 95 | -11/Scrapyard | Entered Materials 209 | -10/Materials | Discovered new exit (range 16) 248 | -10/Materials | Discovered new exit (range 15) 305 | -10/Materials | Build established: Mutant 358 | -10/Materials | Discovered new exit (range 16) 992 | -10/Materials | Discovered new exit (range 8) 1126 | -10/Materials | Discovered new exit (range 8) 1253 | -10/Materials | Build established: Scavenger-Mutant 1548 | -10/Materials | Core integrity fell below 50% 1587 | -10/Materials | Discovered new exit (range 9) 1895 | -10/Materials | Entered Subcaves 1896 | -10/Subcaves | Approached by a straggling Scientist 1918 | -10/Subcaves | Shifting Twisted Machinery released Sub. Power Source 1967 | -10/Subcaves | Shifting Twisted Machinery released Battle Rifle 2151 | -10/Subcaves | Shifting Twisted Machinery released Battle Rifle 2152 | -10/Subcaves | Shifting Twisted Machinery released Barrage Gun 2284 | -10/Subcaves | Discovered new exit (range 11) 2345 | -10/Subcaves | Build established: Mutant 2693 | -10/Subcaves | Discovered new exit (range 14) 2720 | -10/Subcaves | Learned Materials emergency access door positions 2722 | -10/Subcaves | Entered Materials 2722 | -8/Materials | Evolved 4 slots: Propulsion x2, Utility x2 3187 | -8/Materials | Build established: Scavenger-Mutant 3295 | -8/Materials | Discovered new exit (range 3) 4052 | -8/Materials | Discovered new exit (range 4) 4061 | -8/Materials | Identified exit to Factory 4118 | -8/Materials | Garrison activated, responded to threat 4159 | -8/Materials | Lost 4 parts (1p2n1u) 4175 | -8/Materials | Destroyed 9 combat bots 4417 | -8/Materials | Build established: Mutant 4470 | -8/Materials | Discovered exit to Factory (range 3) 4722 | -8/Materials | First assault squad dispatched 4982 | -8/Materials | Entered Factory 4982 | -7/Factory | Evolved 2 slots: Power x1, Utility x1 6664 | -7/Factory | Garrison activated, responded to threat 6808 | -7/Factory | Discovered new exit (range 5) 6815 | -7/Factory | Identified exit to Factory 6818 | -7/Factory | Entered another Factory area 6818 | -6/Factory | Evolved 2 slots: Propulsion x1, Utility x1 6822 | -6/Factory | Identified exit to DSF 7108 | -6/Factory | System corruption reached 10% 7133 | -6/Factory | Lost 6 parts (2p3n1u) 7180 | -6/Factory | Fabricated Sub. Monowheel (x2) 7263 | -6/Factory | Lost 3 parts (1p1n1w) 7274 | -6/Factory | Build established: Hacker-Mutant 7285 | -6/Factory | System corruption reached 30% 7289 | -6/Factory | Released all parts (6) 7301 | -6/Factory | Core integrity fell below 50% 7315 | -6/Factory | Lost 4 parts (3n1w) 7483 | -6/Factory | Core integrity fell below 20% 7801 | -6/Factory | Lost 5 parts (1p1u3w) 7989 | -6/Factory | Crushed by falling debris 8000 | -6/Factory | Destroyed by Y-54 Guardian with Gatling Laser Last Messages --------------- reinforcements to Terminal F020. 07945_ System corrupted: Matter fused (-6). 07967_ System corrupted: Matter fused (-10). 07986_ System corrupted: FCS attempts to trigger Enh. Autogun. 07986_ System corrupted: Enh. Autogun misfires. 07989_ The unstable cave ceiling collapses. 07989_ Crushed by falling debris. 07989_ Imp. Signal Interpreter destroyed. 07989_ System corrupted by crushing effect (+2). 07989_ Gravmag System destroyed. 07989_ System corrupted by crushing effect (+1). 07989_ Gravmag System destroyed. 07989_ System corrupted by crushing effect (+2). 07998_ Triggered Blade Trap. 07998_ Massive razor-sharp blades shoot up from within the floor. 07998_ Gravmag System severed. 07999_ Acquired Gravmag System. 08000_ Lgt. Nuclear Core destroyed. Map ----- +----------------------------------------------------+ | ?????????????????????????????????????????????????? | | ?????????????????????????????????????????????????? | | ?????????????????????????????????????????????????? | | ?????????????????????????????????????????????????? | | ?????????????????????????????????????????????????? | | ?????????????????????????????????????????????????? | | ?????????????????????????????????????????????????? | | ?????????????????????????????????????????????????? | | ?????????????????????????????????????????????????? | | ?????????????????????????????????????????????????? | | ?????????????????????????????????????????????????? | | ?????????????????????????????????????????????????? | | ?????????????????????????????????????????????????? | | ?????????????????????????????????????????????????? | | ?????????????????????????????????????????????????? | | ?????????????????????????????????????????????????? | | ?????????????????????????????????????????????????? | | ?????????????????????????????????????????????????? | | ?????????????????????????????????????????????????? | | ?????????????????????????????????????##+##???????? | | ????????????#+###################### ????????? | | ??????????? ???????? | | ??????????? ???????? | | ?????????? m Y ??????? | | ?????????? ??????? | | ?????????? @ k ??????? | | ?????????????????###########;#######?????????????? | | ???????????????????????????## #????????########### | | ????????????????????????????# ##???????# | | ????????????????????????????## ##??##### """" | | ?????????????????????????????## #### " """" | | ??????????????????????????????## ## #### [ """" | | ???????????????????????????????##h ##??# """" | | ????????????????????????????????####???# """" | | ?????????????Y?????????????????????????# """" | | ???????????????A???????????????????????# | | ???????????????????????????????????????# | | ???????????????????????????????????????# | | ???????????????????????????????????????######+#+## | | ?????????????????????????????????????????????????? | | ?????????????????????????????????????????????????? | | ?????????????????????????????????????????????????? | | ?????????????????????????????????????????????????? | | ?????????????????????????????????????????????????? | | ?????????????????????????????????????????????????? | | ?????????????????????????????????????????????????? | | ?????????????????????????????????????????????????? | | ?????????????????????????????????????????????????? | | ????????????????????????????+#?????????? ????????? | | ????????????????#??????????# #?????????? ??????? | +----------------------------------------------------+ Best States ------------- Heat Dissipation 78 Energy Generation 24 Energy Capacity 290 Matter Stores 300 Matter Capacity 300 Sight Range 16 Robot Scan Range 16 Terrain Scan Density 10 Armor Coverage 225 Evasion (%) 56 Target Analysis 5 Recoil Reduction 5 Offensive Hacking 10 Defensive Hacking 10 Item Schematics ----------------- Sub. Monowheel | -8/Materials | Scanalyzed Imp. Signal Interpreter | -8/Materials | Scanalyzed Cooling System | -8/Materials | Scanalyzed Spear | -8/Materials | Scanalyzed Robot Schematics ------------------ None Fabricated ------------ Sub. Monowheel | x2 | -6/Factory Repaired ---------- Nothing Alien Tech Used ----------------- None Achievements -------------- None Challenges ------------ None Game ------ Seed MiniCooledStatue Manual? 0 Play Time 01:12:00 Cumulative 59.6 hours Start 2025.05.16 @ 12:18:47 End 2025.05.16 @ 13:34:21 Sessions 1 Manual Loads 0 Difficulty Rogue Special Mode None Game No. 56 Rogue 56 Adventurer 0 Explorer 0 Win Type - Total 0 Types 0/0/0/0/0/0/0/0/0/0 Lore% 47 Gallery% 42 Achievement% 38 Wizard Run 0 Options --------- Layout 1 ASCII 0 Keyboard 0 Movement Mouse Keybinds 0 Fullscreen 1 Font 16/SmallcapsGlow Map View 55x38 Zoom Use 0% Tactical HUD 1 Map Filters NONE Filters NONE Steam 1 RUN: 269f5a83-35ad-4ce1-873c-4df399392ff5